 Dungeon Crawl Stone Soup version 0.28-a0-46-g7b1be97da7 (webtiles) character file.

Game seed: 8637233469636478193

163 Mesmaeker13 the Firebug (level 5, -3/31 HPs)
             Began as an Octopode Fire Elementalist on July 29, 2021.
             Slain by a gnoll (4 damage)
             ... on level 2 of the Dungeon.
             The game lasted 00:02:14 (2142 turns).

Mesmaeker13 the Firebug (OpFE)                      Turns: 2142, Time: 00:02:15

Health: -3/31      AC:  1    Str:  7    XL:     5   Next: 44%
Magic:  7/9        EV: 14    Int: 18    God:
Gold:   38         SH:  0    Dex: 13    Spells: 9/10 levels left

rFire   . . .      SeeInvis .   a - +0 dagger
rCold   . . .      Faith    .   (no shield)
rNeg    . . .      Spirit   .   (helmet restricted)
rPois   .          Reflect  .   (no amulet)
rElec   .          Harm     .   (no ring)
rCorr   .          Rampage  .   (no ring)
Will    .....                   (no ring)
Stlth   +++.......              (no ring)
HPRegen 0.10/turn               (no ring)
MPRegen 0.11/turn               (no ring)
                                (no ring)
                                (no ring)

@: on berserk cooldown, slowed, very slow
A: almost no armour, amphibious, 8 rings, camouflage 1, gelatinous body 1,
(nimble swimmer 1), tentacles
a: no special abilities


You were on level 2 of the Dungeon.
You visited 1 branch of the dungeon, and saw 2 of its levels.

You collected 38 gold pieces.

Inventory:

Hand Weapons
 a - a +0 dagger (weapon)
Missiles
 b - 35 poisoned darts
Scrolls
 c - a scroll of identify {unknown}
 e - a scroll of magic mapping {unknown}
 f - a scroll of enchant armour {unknown}
 g - a scroll of immolation {unknown}
Potions
 d - a potion of curing {unknown}
 h - a potion of haste {unknown}
 i - a potion of berserk rage


   Skills:
 + Level 3.2 Dodging
 - Level 2.6 Stealth
 + Level 3.0 Spellcasting
 + Level 2.5 Conjurations
 + Level 3.9 Fire Magic


You had 9 spell levels left.
You knew the following spells:

 Your Spells              Type           Power      Damage    Failure   Level
a - Foxfire               Conj/Fire      56%        2x1d6     4%          1

Your spell library contained the following spells:

 Spells                   Type           Power      Damage    Failure   Level
 Conjure Flame            Conj/Fire      14%        6-21      13%         3
 Inner Flame              Hex/Fire       9%         N/A       22%         3
 Sticky Flame             Conj/Fire      14%        2d4       38%         4
 Ozocubu's Armour         Ice            2%         N/A       43%         3
 Fireball                 Conj/Fire      7%         3d5       75%         5
 Metabolic Englaciation   Hex/Ice        1%         N/A       99%         5
 Simulacrum               Ice/Necr       1%         N/A       100%        6


Dungeon Overview and Level Annotations

Branches:
Dungeon (2/15)

Altars:


Innate Abilities, Weirdness & Mutations

You cannot wear most types of armour.
You are amphibious.
You can wear up to eight rings at the same time.
Your skin changes colour to match your surroundings (Stealth+).
Your rubbery body absorbs attacks. (AC +1, EV +1)
((You are camouflaged near water. (Stealth+)))
You have tentacles for arms and can constrict up to eight enemies at once.


Message History

You kill the gnoll!
You see here a dart slug corpse.
A quokka comes into view.
The quokka moves out of view.
You hit the quokka. Your grab misses the quokka.
The quokka is lightly wounded.
The quokka barely misses you.
Casting: Foxfire (safe; 4% risk of failure)
Confirm with . or Enter, or press ? or * to list all spells.
You conjure some foxfire!
The quokka bites you.
The foxfire hits the gnoll but does no damage.
The quokka twitches its whiskers.
The quokka bites you. x2
Casting: Foxfire (safe; 4% risk of failure)
Confirm with . or Enter, or press ? or * to list all spells.
There is not enough space to conjure foxfire!
Unknown command.
Okay, then.
It was a potion of berserk rage.
A red film seems to cover your vision as you go berserk!
You feel yourself moving faster!
You feel mighty! The gnoll hits you with a +0 flail!
The quokka closely misses you.
You closely miss the quokka. Your grab misses the quokka.
You squeeze the quokka.
You kill the quokka!
The gnoll barely misses you.
You see here a quokka corpse.
You feel a strong urge to attack something.
You feel your anger nearly subside.
You are no longer berserk.
You are exhausted.
You feel yourself slow down. The gnoll closely misses you.
An adder comes into view.
The gnoll hits you with a +0 flail!
* * * LOW HITPOINT WARNING * * *
The adder hisses angrily.
The adder closely misses you. The gnoll barely misses you.
There is a stone staircase leading up here.
The adder barely misses you. The gnoll hits you with a +0 flail.
You die...

#.....##...#.# #.##.# #.
###...###.##.####.##.# #.
####...###.........#..#######
#.
..............###.......†...#
#. ##..........).#
#.####'####.####.
#.#.###.###### #.# .....
#..##.. #.#.#
#.......##.#.......#g.....
#.#.#
#.#####.##g#..#+#..#.#.#..
#.##. .## # #@.#.. ..#.#.##.
#. # # #####.#S.#.. ..#.#.##.
#. #........#. .#†#.##.
#.###.#..# #...##.
......#########.####.
...#§...)..))..........
#.#####.(..^#...######## #
###.#...### §#.##


You could see a gnoll and an adder.

Vanquished Creatures
  A howler monkey (D:2)
  Jessica (D:2)
  3 gnolls (D:2)
  An adder (D:2)
  2 worms (D:2)
  2 dart slugs (D:2)
  3 bats (D:1)
  7 endoplasms
  A giant cockroach (D:2)
  3 goblins
  5 hobgoblins
  4 jackals (D:1)
  3 quokkas
  3 ball pythons (D:1)
  A frilled lizard (D:1)
  6 kobolds
  3 rats (D:1)
49 creatures vanquished.

Vanquished Creatures (others)
  140 foxfires
140 creatures vanquished.

Grand Total: 189 creatures vanquished

Notes
Turn   | Place    | Note
-------+----------+-------------------------------------------
     0 | D:1      | Mesmaeker13 the Octopode Fire Elementalist began the quest
                  | for the Orb.
     0 | D:1      | Reached XP level 1. HP: 11/11 MP: 3/3
   148 | D:1      | Reached XP level 2. HP: 17/17 MP: 0/5
   649 | D:1      | Reached XP level 3. HP: 13/21 MP: 1/6
  1153 | D:2      | Reached XP level 4. HP: 9/27 MP: 1/7
  1726 | D:2      | Noticed Jessica
  1733 | D:2      | Killed Jessica
  1841 | D:2      | Reached XP level 5. HP: 30/31 MP: 6/9
  2139 | D:2      | HP: 1/31 [gnoll (12)]
  2142 | D:2      | Slain by a gnoll

Illustrated notes

Levels and vault maps discovered:
D:1:      nzn_arrival_settlement, layout_basic
D:2:      layout_loops_ring, hellmonk_ecumenical_altar_inner_sanctum,
          uniq_jessica

Skill      XL: |  1  2  3  4  5 |
---------------+----------------+-----
Conjurations   | 2 |  2.5
Dodging        | 3 |  3.2
Spellcasting   | 3 |  3.0
Stealth        | |  2.6
Fire Magic     | |  3.9

Action                   |  1- 3 |  4- 6 || total
-------------------------+-------+-------++-------
Melee: Dagger            |       |     2 ||     2
       Tentacles         |       |     1 ||     1
 Cast: Foxfire           |    49 |    38 ||    87
  Use: Potion            |       |     1 ||     1
Armor: Skin              |     1 |       ||     1
Dodge: Dodged            |     5 |     9 ||    14

Table legend: (Time is in decaauts)
 A = Elapsed time spent in this place.
 B = Non-inter-level travel time spent in this place.
 C = Inter-level travel time spent in this place.
 D = Time resting spent in this place.
 E = Time spent auto-exploring this place.
 F = Levels seen in this place.
 G = Mean time per level.
                   A        B        C        D        E       F      G
               +--------+--------+--------+--------+--------+-----+--------+
         Total |   2144 |   2088 |     56 |    411 |   1300 |   2 | 1072.0 |
       Dungeon |   2144 |   2088 |     56 |    411 |   1300 |   2 | 1072.0 |
               +--------+--------+--------+--------+--------+-----+--------+

Top non-repeatable levels by time:
     D:1: 1324 daAuts
     D:2: 820 daAuts
